 Dungeon Crawl Stone Soup version 0.26-a0-26-ge22fd8933b (webtiles) character file.

Game seed: 13210595950795284304, levelgen mode: deterministic

16396 Masnef the Destroyer (level 12, -4/122 HPs)
             Began as an Ogre Conjurer on May 26, 2020.
             Was an Elder of Vehumet.
             Slain by a white ugly thing (25 damage)
             ... on level 11 of the Dungeon on May 27, 2020.
             The game lasted 00:56:46 (20510 turns).

Masnef the Destroyer (Ogre Conjurer)               Turns: 20510, Time: 00:56:47

Health: -4/122     AC:  7    Str: 15    XL:     12   Next: 37%
Magic:  4/19       EV:  9    Int: 26    God:    Vehumet [****..]
Gold:   594        SH:  7    Dex:  9    Spells: 0/21 levels left

rFire    . . .     SeeInvis .   x - staff of conjuration
rCold    . . .     Gourm    .   g - +0 kite shield
rNeg     . . .     Faith    .   C - +2 robe {MR+}
rPois    .         Spirit   .   (helmet restricted)
rElec    .         Reflect  .   s - +1 cloak
rCorr    .         Harm     .   (gloves unavailable)
MR       ++...                  (boots unavailable)
Stlth    ++........             (no amulet)
HPRegen  0.30/turn              G - +6 ring of intelligence
MPRegen  0.16/turn              (no ring)

@: no status effects
A: large, unfitting armour, tough skin 1
a: Renounce Religion


You were on level 11 of the Dungeon.
You worshipped Vehumet.
Vehumet was greatly pleased with you.
You were very hungry.

You visited 1 branch of the dungeon, and saw 12 of its levels.

You collected 594 gold pieces.

Inventory:

Hand Weapons
 b - a +1 mace
 z - a +0 morningstar
 F - a +5 mace
 J - a +0 flail
Missiles
 k - 98 arrows
 o - 5 throwing nets (quivered)
Armour
 a - a +0 robe
 g - a +0 kite shield (worn)
 s - a +1 cloak (worn)
 v - +0 gold dragon scales
 y - a +2 robe of positive energy
 C - a +2 robe of magic resistance (worn)
Magical Staves
 x - an uncursed staff of conjuration (weapon)
Jewellery
 G - a +6 ring of intelligence (left hand)
Wands
 n - a wand of polymorph (9)
 w - a wand of paralysis (19)
 B - a wand of iceblast (8)
 D - a wand of disintegration (1)
 I - a wand of clouds (7)
Scrolls
 d - 5 scrolls of teleportation
 e - a scroll of identify
 f - 4 scrolls of enchant weapon
 j - 5 scrolls of remove curse
 l - 2 scrolls of enchant armour
 p - a scroll of fear
 r - a scroll of magic mapping {unknown}
 A - a scroll of immolation {unknown}
 H - 2 scrolls of acquirement {unknown}
Potions
 h - 2 potions of might
 i - 3 potions of curing
 m - a potion of mutation
 q - 2 potions of heal wounds
 t - 2 potions of cancellation
 u - 2 potions of degeneration
 E - a potion of lignification
Comestibles
 c - 20 rations


   Skills:
 * Level 8.7 Fighting
 + Level 2.8 Maces & Flails
 + Level 5.6 Dodging
 - Level 3.0 Stealth
 - Level 2.5 Shields
 - Level 5.0 Spellcasting
 * Level 14.0 Conjurations
 * Level 4.4 Hexes
 - Level 2.0 Translocations


You couldn't memorise any spells.
You knew the following spells:

 Your Spells              Type           Power        Failure   Level  Hunger
a - Magic Dart            Conj           ####         1%          1    None
b - Searing Ray           Conj           ######       1%          2    None
c - Dazzling Flash        Conj/Hex       ######       1%          3    #......
d - Fulminant Prism       Conj/Hex       ######....   1%          4    ###....
e - Iskenderun's Mystic   Conj/Tloc      ######..     3%          4    ###....
f - Inner Flame           Hex/Fire       ###.....     11%         3    #......
g - Sticky Flame          Conj/Fire      ######..     4%          4    ###....

Your spell library contained the following spells:

 Spells                   Type           Power        Failure   Level  Hunger
 Fireball                 Conj/Fire      ######....   13%         5    #####..
 Stone Arrow              Conj/Erth      ######       1%          3    #......
 Corona                   Hex            ####...      4%          1    None
 Sandblast                Erth           #.....       9%          1    None
 Confusing Touch          Hex            ####....     16%         3    #......
 Tukima's Dance           Hex            ####....     16%         3    #......
 Ensorcelled Hibernation  Hex/Ice        ###...       19%         2    None
 Passwall                 Tmut/Erth      #.......     43%         2    None
 Lee's Rapid Deconstruct  Erth           #.........   88%         5    #####..
 Petrify                  Tmut/Erth      #.......     97%         4    ###....


Dungeon Overview and Level Annotations

Branches:
Dungeon (12/15)            Temple (0/1) D:7            Lair (0/6) D:9
    Orc: D:9-12

Altars:
Ashenzari
Dithmenos
Elyvilon
Fedhas
Gozag
Kikubaaqudgha
Makhleb
Nemelex Xobeh
Qazlal
Sif Muna
Vehumet
Yredelemnul
Zin

Shops:
D:11 :


Innate Abilities, Weirdness & Mutations

You are too large for most types of armour.
You have tough skin. (AC +1)


Message History

Vehumet offers you knowledge of Fireball.
You feel your power returning.
The mystic blast hits the white ugly thing!
The white ugly thing is moderately wounded.
The white ugly thing is knocked back by the mystic blast.
Unknown command.
Evoke which item? (* to show all) (? for menu, Esc to quit)
Aiming: Disintegrate
Press: ? - help, Shift-Dir - straight line, f - white ugly thing
Aim: a white ugly thing (moderately wounded, chance to defeat MR: 48%)
The white ugly thing resists with some effort.
Evoke which item? (* to show all) (? for menu, Esc to quit)
Aiming: Disintegrate
Press: ? - help, Shift-Dir - straight line, f/p - white ugly thing
Aim: a white ugly thing (moderately wounded, chance to defeat MR: 48%)
The white ugly thing resists with some effort.
The white ugly thing tail-slaps you!
* * * LOW HITPOINT WARNING * * *
The white ugly thing freezes you!!
You die...

##..................####....#
##..##.................##....##
#..#####............#.........#
...## ##.......#######.......##
....### ######### #.....[..##
......## #.........# .......#
######## #.........# .......#
###......# #.......... .......#
#.....@..## #..........
.......#
#.....u...###..........
.......#
#.....†...##..........#
......##
#.........#..#........# ..)...#
#...........###......## ......#
##..........# #......# .....##
##.........# ##....## ....##
##........# #....# #...##
###.....># ######


You could see a white ugly thing.

Vanquished Creatures
  Harold (D:8)
  A hydra (D:10)
  A two-headed ogre (D:12)
  Erica (D:7)
  An unseen horror (D:11)
  5 ugly things (D:11)
  A cyclops (D:11)
  Psyche (D:8)
  3 trolls
  A hornet (D:9)
  Grinder (D:5)
  5 hippogriffs
  A shadow (D:12)
  A wraith (D:11)
  A spriggan (D:7)
  2 wyverns
  6 yaks (D:10)
  2 hungry ghosts
  A soldier ant (D:11)
  A water moccasin (D:9)
  An acid dragon (D:12)
  A sky beast (D:10)
  2 black bears
  5 orc warriors
  3 ice beasts
  2 eyes of draining (D:10)
  6 ogres
  A phantom (D:5)
  3 wolves (D:9)
  2 centaurs (D:12)
  A crocodile (D:12)
  9 bullfrogs
  4 scorpions
  12 killer bees
  5 howler monkeys
  8 wights
  2 electric eels (D:9)
  7 crimson imps
  A centaur zombie (D:7)
  8 hounds
  5 jellies
  8 orc priests
  A bullfrog zombie (D:12)
  3 centaur skeletons
  Crazy Yiuf (D:6)
  12 orc wizards
  16 worker ants
  2 killer bee zombies
  A hound zombie (D:7)
  A hound skeleton (D:6)
  2 worker ant zombies
  4 gnolls (D:2)
  6 adders
  A howler monkey skeleton (D:10)
  2 oozes
  3 adder skeletons
  3 worms
  A dart slug (D:1)
  2 leopard geckos
  51 orcs
  5 giant cockroaches
  9 hobgoblins
  14 jackals
  5 quokkas
  2 ball pythons
  8 bats
  5 frilled lizards
  A giant cockroach zombie (D:6)
  6 goblins
  4 kobolds
  A leopard gecko skeleton (D:4)
  A leopard gecko zombie (D:7)
  8 rats
314 creatures vanquished.

Vanquished Creatures (others)
  A sky beast (D:12)
  A quokka (D:8)
  49 fulminant prisms
51 creatures vanquished.

Grand Total: 365 creatures vanquished

Notes
Turn   | Place    | Note
-------+----------+-------------------------------------------
     0 | D:1      | Masnef the Ogre Conjurer began the quest for the Orb.
     0 | D:1      | Reached XP level 1. HP: 16/16 MP: 3/3
   316 | D:1      | Reached XP level 2. HP: 15/24 MP: 0/5
   618 | D:1      | Reached skill level 4 in Conjurations
   696 | D:1      | HP: 1/24 [hobgoblin/+0 club (6)]
  1197 | D:2      | Reached XP level 3. HP: 31/31 MP: 2/6
  1394 | D:2      | Learned a level 2 spell: Searing Ray
  1555 | D:2      | Reached skill level 1 in Shields
  1562 | D:2      | Reached skill level 1 in Maces & Flails
  1594 | D:2      | Reached XP level 4. HP: 24/39 MP: 2/8
  3483 | D:3      | Reached XP level 5. HP: 45/45 MP: 3/9
  4068 | D:3      | Found an ancient bone altar of Kikubaaqudgha.
  4068 | D:3      | Found a sparkling altar of Nemelex Xobeh.
  4099 | D:3      | Found a basalt altar of Yredelemnul.
  4099 | D:3      | Found an opulent altar of Gozag.
  4099 | D:3      | Found a stormy altar of Qazlal.
  4099 | D:3      | Found a glowing silver altar of Zin.
  4100 | D:3      | Found a shimmering blue altar of Sif Muna.
  4101 | D:3      | Found a burning altar of Makhleb.
  4102 | D:3      | Found a shadowy altar of Dithmenos.
  4408 | D:4      | Reached XP level 6. HP: 50/53 MP: 1/12
  4481 | D:4      | Reached skill level 5 in Conjurations
  5199 | D:4      | Learned a level 3 spell: Dazzling Flash
  5204 | D:4      | Learned a level 4 spell: Fulminant Prism
  5357 | D:4      | Reached XP level 7. HP: 59/59 MP: 8/13
  5797 | D:5      | Entered Level 5 of the Dungeon
  5996 | D:5      | Reached skill level 6 in Conjurations
  6133 | D:5      | Reached skill level 1 in Hexes
  6248 | D:5      | Noticed Grinder
  6253 | D:5      | Killed Grinder
  6325 | D:5      | Reached skill level 7 in Conjurations
  6325 | D:5      | Reached XP level 8. HP: 67/67 MP: 8/14
  6617 | D:5      | Found a radiant altar of Vehumet.
  6622 | D:5      | Became a worshipper of Vehumet
  7285 | D:6      | Reached skill level 8 in Conjurations
  7710 | D:6      | Found a shattered altar of Ashenzari.
  7796 | D:6      | Reached * piety under Vehumet
  7796 | D:6      | Offered knowledge of Sandblast by Vehumet.
  8311 | D:6      | Reached skill level 9 in Conjurations
  8311 | D:6      | Reached XP level 9. HP: 58/74 MP: 3/15
  8470 | D:6      | Found a runed translucent door.
  8471 | D:6      | Noticed Crazy Yiuf
  8612 | D:6      | Killed Crazy Yiuf
  9028 | D:7      | Reached skill level 1 in Fighting
  9439 | D:7      | Reached skill level 10 in Conjurations
  9680 | D:7      | Found a staircase to the Ecumenical Temple.
 10426 | D:8      | Noticed Erica
 10507 | D:7      | Killed Erica
 10507 | D:7      | Reached skill level 11 in Conjurations
 10507 | D:7      | Reached XP level 10. HP: 43/91 MP: 1/16
 10786 | D:7      | Learned a level 4 spell: Iskenderun's Mystic Blast
 10787 | D:8      | Found a white marble altar of Elyvilon.
 10942 | D:8      | Noticed Harold
 11578 | D:8      | Killed Harold
 11578 | D:8      | Reached ** piety under Vehumet
 11799 | D:8      | Noticed Psyche
 11810 | D:8      | Killed Psyche
 11840 | D:8      | Offered knowledge of Shock by Vehumet.
 11951 | D:8      | Found a blossoming altar of Fedhas.
 12122 | D:9      | Reached skill level 5 in Fighting
 12404 | D:9      | Reached skill level 12 in Conjurations
 12712 | D:9      | Found a staircase to the Lair.
 12715 | D:9      | Reached XP level 11. HP: 80/105 MP: 9/17
 13468 | D:10     | Entered Level 10 of the Dungeon
 13573 | D:9      | Paralysed by a hornet for 1 turns
 13899 | D:10     | Offered knowledge of Inner Flame by Vehumet.
 14133 | D:10     | Reached *** piety under Vehumet
 14285 | D:10     | Reached skill level 1 in Translocations
 14290 | D:10     | Learned a level 3 spell: Inner Flame
 14474 | D:10     | Reached skill level 13 in Conjurations
 14476 | D:10     | Offered knowledge of Sticky Flame by Vehumet.
 15612 | D:11     | Noticed a red ugly thing
 16684 | D:11     | Killed an unseen horror
 16689 | D:11     | Noticed an eight-headed hydra
 17146 | D:10     | Killed an eight-headed hydra
 17289 | D:11     | HP: 1/109 [red ugly thing (17)]
 17290 | D:11     | Killed a red ugly thing
 17291 | D:11     | Upgraded the game from 0.26-a0-21-gf97e55dc39 to
                  | 0.26-a0-26-ge22fd8933b
 17717 | D:11     | Noticed a cyclops
 17726 | D:11     | Killed a cyclops
 17726 | D:11     | Reached skill level 5 in Spellcasting
 18084 | D:11     | Reached skill level 5 in Dodging
 18394 | D:11     | Noticed a brown ugly thing
 18405 | D:11     | Killed a brown ugly thing
 18817 | D:11     | Found Neloesk's Book Boutique.
 18902 | D:11     | Noticed a brown ugly thing
 18903 | D:11     | Noticed a white ugly thing
 18908 | D:11     | Killed a white ugly thing
 18908 | D:11     | Reached XP level 12. HP: 100/119 MP: 11/19
 19963 | D:12     | Noticed a two-headed ogre
 19970 | D:12     | Killed a two-headed ogre
 19970 | D:12     | Reached **** piety under Vehumet
 19983 | D:11     | Learned a level 4 spell: Sticky Flame
 20356 | D:12     | Reached skill level 14 in Conjurations
 20507 | D:11     | Offered knowledge of Fireball by Vehumet.
 20510 | D:11     | Slain by a white ugly thing

Illustrated notes

Levels and vault maps discovered:
D:1:      erik_arrival_orb_chamber, layout_rooms
D:2:      layout_basic
D:3:      layout_rooms, minitemple
D:4:      layout_basic
D:5:      layout_basic, marbit_many_paths, first_ration, uniq_grinder
D:6:      layout_basic, evilmike_ruin_ashenzari, uniq_crazy_yiuf_cottage
D:7:      layout_rooms, minmay_temple_entry_hall, the_bakery
D:8:      layout_rooms, fedhas_altar_4, elyvilon_altar_4, zaba_anthole,
          st_stairs_5, hangedman_abyss_or_decor_passed, grunt_decor_one_mirror,
          uniq_harold, uniq_psyche, uniq_erica
D:9:      layout_stronghold, erik_lair_island
D:10:     layout_cave_pools
D:11:     layout_cave_pods, serial_shops, nicolae_shop_waterfront
D:12:     layout_long_grid, david_orc_4, hangedman_corner_corridor

Skill      XL: |  1  2  3  4  5  6  7  8  9 10 11 12 |
---------------+-------------------------------------+-----
Conjurations   | 4 5 7 9 11 12 13 14 | 14.0
Shields        | 1 2 |  2.5
Maces & Flails | 1 2 |  2.8
Spellcasting   | 3 4 5 |  5.0
Hexes          | 1 3 4 |  4.4
Dodging        | 2 3 4 5 |  5.6
Fighting       | 3 5 8 |  8.7
Stealth        | 2 3 |  3.0
Translocations | 2 |  2.0

Action                   |  1- 3 |  4- 6 |  7- 9 | 10-12 || total
-------------------------+-------+-------+-------+-------++-------
Melee: Mace              |    47 |    48 |    29 |    17 ||   141
       Staff             |       |       |       |    44 ||    44
 Cast: Magic Dart        |    38 |    97 |   118 |    93 ||   346
       Searing Ray       |     4 |    15 |    45 |    89 ||   153
       Fulminant Prism   |       |       |     7 |    42 ||    49
       Dazzling Flash    |       |       |     5 |     5 ||    10
       Iskenderun's Myst |       |       |       |    33 ||    33
       Inner Flame       |       |       |       |     1 ||     1
Evoke: Wand              |       |       |       |    12 ||    12
  Use: Scroll            |       |       |       |    14 ||    14
 Stab: Sleeping          |       |     1 |       |       ||     1
  Eat: Chunk             |     2 |    13 |    10 |    17 ||    42
       Ration            |       |       |     2 |     8 ||    10
Armor: Robe              |    18 |    36 |    33 |    88 ||   175
Dodge: Dodged            |    41 |    79 |    51 |   122 ||   293
Block: Kite shield       |       |       |       |    18 ||    18

Table legend:
 A = Non-vault XP
 B = Vault XP
 C = Vault XP percentage of total XP
 D = Non-vault monster count
 E = Vault monster count
 F = Vault count percentage of total count
                 A         B        C        D         E       F
            +---------+---------+-------+---------+---------+-------
      Total |   18566 |    4857 |  20.7 |     288 |      27 |   8.6
            +---------+---------+-------+---------+---------+-------
        D:1 |      32 |       0 |   0.0 |      20 |       0 |   0.0
        D:2 |     113 |       0 |   0.0 |      26 |       0 |   0.0
        D:3 |      85 |       0 |   0.0 |      20 |       0 |   0.0
        D:4 |     489 |       0 |   0.0 |      24 |       0 |   0.0
        D:5 |     358 |     325 |  47.6 |      11 |       2 |  15.4
        D:6 |    1002 |      37 |   3.6 |      32 |       1 |   3.0
        D:7 |    1402 |    1112 |  44.2 |      26 |       2 |   7.1
        D:8 |     672 |    1542 |  69.6 |      16 |       8 |  33.3
        D:9 |    1847 |     837 |  31.2 |      24 |       8 |  25.0
       D:10 |    4654 |       0 |   0.0 |      41 |       0 |   0.0
       D:11 |    4733 |     517 |   9.8 |      26 |       1 |   3.7
       D:12 |    3179 |     487 |  13.3 |      22 |       5 |  18.5
            +---------+---------+-------+---------+---------+-------
